 Dungeon Crawl Stone Soup version 0.17-a0-1150-g17b0b87 (webtiles) character file.

36 Engwar the Changer (level 3, 0/17 HPs)
             Began as a Vine Stalker Transmuter on May 27, 2015.
             Slain by Robin
             ... wielding a +0 short sword
              (6 damage)
             ... on level 2 of the Dungeon.
             The game lasted 00:03:35 (617 turns).

Engwar the Changer (Vine Stalker Transmuter)         Turns: 617, Time: 00:03:35

Health: 0/17       AC:  3    Str: 12    XL:     3   Next: 37%
Magic:  0/7        EV: 11    Int: 14    God:
Gold:   51         SH:  0    Dex: 14    Spells: 2 memorised, 3 levels left

rFire  . . .     SeeInvis .       - Unarmed
rCold  . . .     Clarity  .     g - +0 leather armour
rNeg   . . .     SustAt   .     (no shield)
rPois  .         Gourm    .     (no helmet)
rElec  .         Spirit   +     (no cloak)
rCorr  .         Warding  .     (no gloves)
rMut   .         Stasis   .     (boots currently unavailable)
MR     .....                    (no amulet)
Stlth  ++........               (no ring)
                                (no ring)

@: appendage, not resistant to hostile enchantments, unstealthy
A: fangs 2, talons 3, regeneration 1, magic shield, antimagic bite, no device
heal 3, rot immunity
a: End Transformation


You were on level 2 of the Dungeon.
You were not hungry.
You had grown temporary talons.
You visited 1 branch of the dungeon, and saw 2 of its levels.

You collected 51 gold pieces.

Inventory:

Missiles
 a - 37 arrows
Armour
 g - a +0 leather armour (worn)
Potions
 e - a potion of flight {unknown}
 f - a potion of heal wounds {unknown}
 h - a potion of invisibility {unknown}
 i - a potion of haste {unknown}
 l - a potion of lignification {unknown}
Books
 c - a book of Changes

   Spells                             Type                      Level
   a - Beastly Appendage              Transmutation                1
   b - Sticks to Snakes               Transmutation                2
   c - Spider Form                    Transmutation/Poison         3
   d - Ice Form                       Ice/Transmutation            4
   e - Blade Hands                    Transmutation                5
Comestibles
 b - a meat ration
 d - a bread ration
 m - a chunk of flesh


   Skills:
 - Level 0.8 Fighting
 - Level 1.5 Dodging
 - Level 2.0 Stealth
 - Level 3.0 Unarmed Combat
 - Level 2.1 Spellcasting
 + Level 3.2 Transmutations


You had 3 spell levels left.
You knew the following spells:

 Your Spells              Type           Power        Failure   Level  Hunger
a - Beastly Appendage     Trmt           ##....       10%         1    #......
b - Sticks to Snakes      Trmt           ##........   14%         2    ###....


Dungeon Overview and Level Annotations

Branches:
Dungeon (2/15)

Altars:
Elyvilon
Zin
The Shining One

Annotations:
D:2 Robin


Innate Abilities, Weirdness & Mutations

You have extremely sharp teeth.
Your natural rate of healing is unusually fast.
When hurt, damage is shared between your health and your magic reserves.
Your bite disrupts and absorbs the magic of your enemies.
Potions and wands cannot restore your health.
You are immune to rotting.
You have claws for feet.


Message History

You hit the goblin.
You kill the goblin!
The goblin hits you with a club.
Robin roars a battlecry!
The hobgoblin goes into a battle-frenzy!
You hear a shout!
The goblin barely misses you.
You completely miss the goblin. You claw the goblin.
The goblin is moderately wounded.
The goblin hits you with a club.
A goblin comes into view.
You barely miss the goblin. You claw the goblin.
The goblin is severely wounded.
Robin roars a battlecry!
The goblin goes into a battle-frenzy!
Robin barely misses you.
You hit the goblin.
The goblin is almost dead.
The goblin hits you with a club! Robin hits you with a short sword!
You die...

..≈_..._ #≈≈'''≈
##########⌠⌠.⌠⌠
#............##
#............#
#............#
#............#
#######............##
#####...@gg..g.........')
#.......g##............##
#........#.........#####
#........#.........#
#........#.........#
#......."#.........#
#.......[#....>....#
#..................#
#........#.........


You could see Robin, a hobgoblin (frenzied) and 2 goblins.

Vanquished Creatures
  A gnoll (D:1)
  A ball python (D:1)
  7 goblins
  A hobgoblin (D:1)
  A giant newt (D:1)
  2 rats
13 creatures vanquished.

Vanquished Creatures (collateral kills)
  Ijyb (D:2)
1 creature vanquished.

Grand Total: 14 creatures vanquished

Notes
Turn   | Place    | Note
--------------------------------------------------------------
     0 | D:1      | Engwar the Vine Stalker Transmuter began the quest for the Orb.
     0 | D:1      | Reached XP level 1. HP: 9/9 MP: 4/4
    62 | D:1      | Reached skill level 1 in Stealth
   369 | D:1      | Reached XP level 2. HP: 12/14 MP: 6/6
   373 | D:1      | Learned a level 2 spell: Sticks to Snakes
   491 | D:2      | Noticed Ijyb
   518 | D:2      | Killed Ijyb
   518 | D:2      | Reached XP level 3. HP: 7/17 MP: 2/7
   572 | D:2      | Found a glowing golden altar of the Shining One.
   574 | D:2      | Found a white marble altar of Elyvilon.
   576 | D:2      | Found a glowing silver altar of Zin.
   585 | D:2      | Noticed Robin
   617 | D:2      | Slain by Robin

Vault maps used:
D:1:      dpeg_arrival_tiny_f
D:2:      good_gods_mini_temple, uniq_iyjb, uniq_sigmund, uniq_robin

Action                   || total
-------------------------++-------
Melee: Unarmed           ||    61
 Cast: Sticks to Snakes  ||     3
       Beastly Appendage ||     3
  Use: Scroll            ||     4
 Stab: Distracted        ||     1

Vault maps used:
D:1:      dpeg_arrival_tiny_f
D:2:      good_gods_mini_temple, uniq_iyjb, uniq_sigmund, uniq_robin
